[Event "Romanian Championship Open 2025"]
[Site "Craiova"]
[Date "2025.02.17"]
[Round "3.15"]
[White "Berechet, Otiliu-Octavian"]
[Black "Manea, Alexandru"]
[Result "1/2-1/2"]
[Annotator "ChessBase"]
[ECO "A20"]
[WhiteElo "1946"]
[BlackElo "2272"]
[PlyCount "73"]
[EventDate "2025.02.12"]
[EventType "swiss"]
[EventCountry "ROU"]
[SourceTitle "playchess.com"]
[Source "ChessBase"]
[SourceQuality "1"]
[TimeControl "40/5400+30:900+30"]

1. g3 e5 2. c4 h5 3. h3 Nc6 4. Bg2 d6 5. d3 g5 6. e3 Bg7 7. Nc3 Nge7 8. Nd5 Ng6 9. Bd2 Nce7 10. Ba5 Nxd5 11. Bxd5 Qd7 12. Ne2 c6 13. Bg2 f5 14. Qc2 Qf7 15. O-O-O Be6 16. Kb1 Bf6 17. Rhg1 Rc8 18. Rc1 O-O 19. Be1 b5 20. h4 g4 21. f3 bxc4 22. dxc4 d5 23. Bb4 c5 24. cxd5 Bxd5 25. fxg4 Bxg2 26. Rxg2 cxb4 27. Qxf5 Rxc1+ 28. Nxc1 hxg4 29. h5 Ne7 30. Qxg4+ Kh8 31. Qxb4 Nd5 32. Qc5 Bg5 33. Re2 Re8 34. e4 Qf1 35. exd5 Bxc1 36. Qxc1 Qxe2 37. Qh6+ 1/2-1/2

[Event "Romanian Championship Open 2025"]
[Site "Craiova"]
[Date "2025.02.17"]
[Round "3.16"]
[White "Corbu, George-Alexandru"]
[Black "Ghimpu, Samuel-Timotei"]
[Result "0-1"]
[Annotator "ChessBase"]
[ECO "E24"]
[WhiteElo "2080"]
[BlackElo "2456"]
[PlyCount "100"]
[EventDate "2025.02.12"]
[EventType "swiss"]
[EventCountry "ROU"]
[SourceTitle "playchess.com"]
[Source "ChessBase"]
[SourceQuality "1"]
[TimeControl "40/5400+30:900+30"]

1. d4 Nf6 2. c4 e6 3. Nc3 Bb4 4. a3 Bxc3+ 5. bxc3 b6 6. f3 Nc6 7. e4 Na5 8. Bd3 Ba6 9. Qe2 c5 10. Nh3 d6 11. e5 dxe5 12. dxe5 Ng8 13. Bg5 Qc7 14. O-O Ne7 15. Nf2 Ng6 16. Rfe1 h6 17. Bd2 O-O-O 18. Rad1 Rd7 19. f4 Rhd8 20. Be3 Kb8 21. Ne4 Bxc4 22. Nxc5 bxc5 23. Rb1+ Bb3 24. Bc4 Qb6 25. Rxb3 Nxb3 26. Rb1 Rb7 27. Rxb3 Qc6 28. Rxb7+ Qxb7 29. Qc2 Qc6 30. Bd3 Qd5 31. Be4 Qd1+ 32. Kf2 Qxc2+ 33. Bxc2 Kc7 34. g4 Kb6 35. c4 Ne7 36. h4 Nc6 37. h5 Na5 38. Bc1 Nxc4 39. Ke2 Na5 40. g5 Nc6 41. Be4 Nd4+ 42. Kf2 c4 43. Be3 Kb5 44. g6 fxg6 45. hxg6 c3 46. Bd3+ Ka4 47. Bxd4 Rxd4 48. Bc2+ Kxa3 49. f5 exf5 50. e6 Rd6 0-1

[Event "Romanian Championship Open 2025"]
[Site "Craiova"]
[Date "2025.02.17"]
[Round "3.17"]
[White "Dascalescu, Adelin-Stefan"]
[Black "Coicev, Matei-Andrei"]
[Result "1/2-1/2"]
[Annotator "ChessBase"]
[ECO "D02"]
[WhiteElo "2045"]
[BlackElo "2286"]
[PlyCount "184"]
[EventDate "2025.02.12"]
[EventType "swiss"]
[EventCountry "ROU"]
[SourceTitle "playchess.com"]
[Source "ChessBase"]
[SourceQuality "1"]
[TimeControl "40/5400+30:900+30"]

1. d4 Nf6 2. Nf3 d5 3. c3 e6 4. Bf4 c5 5. e3 Nc6 6. Nbd2 Be7 7. Ne5 Nd7 8. Bd3 Ndxe5 9. dxe5 g5 10. Bg3 h5 11. h3 Bd7 12. Be2 h4 13. Bh2 Qc7 14. Nf3 O-O-O 15. Qc2 Qa5 16. a3 Kb8 17. e4 Ka8 18. Nd2 Bc8 19. O-O d4 20. Nc4 Qc7 21. Nd6 Bxd6 22. exd6 Qd7 23. b4 dxc3 24. Qxc3 e5 25. bxc5 f6 26. Rfd1 Qh7 27. f3 f5 28. exf5 Bxf5 29. Bxe5 Rhe8 30. Bf6 Rxe2 31. Bxd8 Qd7 32. Bc7 Re8 33. Re1 Rg8 34. Qc4 Rf8 35. Re3 a6 36. Rae1 Rc8 37. Bb6 Kb8 38. Qa4 Rg8 39. R1e2 Kc8 40. Bc7 Qf7 41. Qd1 Bd7 42. Qd3 Qg7 43. Qd5 Rf8 44. Bb6 Qa1+ 45. Re1 Qf6 46. Re6 Bxe6 47. Qxe6+ Qxe6 48. Rxe6 Rg8 49. Kf2 Kd7 50. Rf6 Rg7 51. f4 gxf4 52. Rxf4 Rh7 53. Rf8 Ke6 54. Bd8 Ne5 55. Be7 Nd3+ 56. Ke3 Nxc5 57. Kd4 Nd7 58. Rf4 Rh5 59. Re4+ Kf7 60. Bxh4 Nb8 61. Be7 Nc6+ 62. Kc3 Rc5+ 63. Kb2 Rb5+ 64. Ka2 Rd5 65. Re2 Rd3 66. h4 Na5 67. h5 Nc4 68. d7 Rxd7 69. Bb4 a5 70. Rf2+ Kg8 71. Bc3 a4 72. Bb4 Rd5 73. Rf8+ Kg7 74. Rc8 Ne3 75. Bc3+ Kh6 76. Rh8+ Kg5 77. h6 Rd3 78. Bb4 Nd5 79. Rb8 Kxh6 80. Rxb7 Kg6 81. Ra7 Rg3 82. Rxa4 Rxg2+ 83. Kb3 Rg3+ 84. Kc2 Kf5 85. Bd2 Rf3 86. Ra5 Ke6 87. Ra6+ Kd7 88. a4 Kc7 89. Rg6 Ne3+ 90. Kd3 Nf1+ 91. Ke2 Nxd2 92. Kxd2 Ra3 1/2-1/2

[Event "Romanian Championship Open 2025"]
[Site "Craiova"]
[Date "2025.02.17"]
[Round "3.18"]
[White "Ulian, Andrei-Octavian"]
[Black "Gales, Randi-Ioan"]
[Result "1/2-1/2"]
[Annotator "ChessBase"]
[ECO "B14"]
[WhiteElo "1996"]
[BlackElo "2247"]
[PlyCount "106"]
[EventDate "2025.02.12"]
[EventType "swiss"]
[EventCountry "ROU"]
[SourceTitle "playchess.com"]
[Source "ChessBase"]
[SourceQuality "1"]
[TimeControl "40/5400+30:900+30"]

1. d4 Nf6 2. Nf3 e6 3. c4 c5 4. e3 cxd4 5. exd4 d5 6. Nc3 Be7 7. Bg5 O-O 8. Bd3 h6 9. Bf4 dxc4 10. Bxc4 Nc6 11. O-O Nd5 12. Bxd5 exd5 13. Ne5 Nxe5 14. Bxe5 Be6 15. Nb5 Bf6 16. Bxf6 Qxf6 17. Qd2 Bf5 18. Rfe1 Qb6 19. Nc3 Rfd8 20. Re5 Be6 21. Na4 Qc6 22. Nc5 Bg4 23. Rc1 Rac8 24. Rc3 Re8 25. h3 Rxe5 26. dxe5 Be6 27. Ne4 Qd7 28. Nc5 Qe7 29. Nb3 Rc4 30. Rxc4 dxc4 31. Nd4 Qd7 32. Qe3 a6 33. f4 g6 34. a3 b5 35. Kf2 h5 36. Ne2 Kh7 37. Nc3 Bf5 38. Ne2 a5 39. Qd4 Qc6 40. Nc3 b4 41. axb4 axb4 42. Nd5 c3 43. Nxb4 cxb2 44. Nxc6 b1=Q 45. Qd2 Be4 46. Nd4 Qh1 47. Nf3 Bxf3 48. Kxf3 Qf1+ 49. Kg3 Kg7 50. Qe3 Qc4 51. Qf3 Qe6 52. Qf2 Qf5 53. h4 Kh7 1/2-1/2

[Event "Romanian Championship Open 2025"]
[Site "Craiova"]
[Date "2025.02.17"]
[Round "3.19"]
[White "Bonte, Andrei-Mihai"]
[Black "Panc, Samuel"]
[Result "1/2-1/2"]
[Annotator "ChessBase"]
[ECO "A90"]
[WhiteElo "2237"]
[BlackElo "2036"]
[PlyCount "59"]
[EventDate "2025.02.12"]
[EventType "swiss"]
[EventCountry "ROU"]
[SourceTitle "playchess.com"]
[Source "ChessBase"]
[SourceQuality "1"]
[TimeControl "40/5400+30:900+30"]

1. d4 f5 2. Nf3 Nf6 3. g3 e6 4. Bg2 d5 5. O-O Bd6 6. b3 Qe7 7. c4 c6 8. Bf4 Bxf4 9. gxf4 O-O 10. Ne5 Bd7 11. Qc1 Be8 12. Qa3 Qxa3 13. Nxa3 Bh5 14. f3 Nbd7 15. Kf2 Kh8 16. cxd5 exd5 17. Bh3 Nxe5 18. fxe5 Ng4+ 19. Ke1 Ne3 20. Rg1 f4 21. Kd2 Bg6 22. Rac1 Rf7 23. Nb1 Bf5 24. Bxf5 Rxf5 25. Na3 Rh5 26. Rh1 Re8 27. Nc2 Nxc2 28. Rxc2 Re6 29. b4 a6 30. a4 1/2-1/2

[Event "Romanian Championship Open 2025"]
[Site "Craiova"]
[Date "2025.02.17"]
[Round "3.20"]
[White "Daianu, Cristian-Clement"]
[Black "Vasile, Matei"]
[Result "1/2-1/2"]
[Annotator "ChessBase"]
[ECO "B34"]
[WhiteElo "2214"]
[BlackElo "1993"]
[PlyCount "32"]
[EventDate "2025.02.12"]
[EventType "swiss"]
[EventCountry "ROU"]
[SourceTitle "playchess.com"]
[Source "ChessBase"]
[SourceQuality "1"]
[TimeControl "40/5400+30:900+30"]

1. e4 c5 2. Nf3 Nc6 3. d4 cxd4 4. Nxd4 g6 5. Nc3 Bg7 6. Be3 Nf6 7. Nxc6 bxc6 8. e5 Ng8 9. Bd4 c5 10. Bxc5 Qc7 11. Bd4 Bxe5 12. Nb5 Qb8 13. Be2 Bb7 14. Bf3 Bxf3 15. Qxf3 Bxd4 16. Nxd4 Qe5+ 1/2-1/2

[Event "Romanian Championship Open 2025"]
[Site "Craiova"]
[Date "2025.02.17"]
[Round "3.21"]
[White "Armenciu, Bogdan-Ovidiu"]
[Black "Sava, Robert-Gabriel"]
[Result "0-1"]
[Annotator "ChessBase"]
[ECO "C16"]
[WhiteElo "1950"]
[BlackElo "2183"]
[PlyCount "80"]
[EventDate "2025.02.12"]
[EventType "swiss"]
[EventCountry "ROU"]
[SourceTitle "playchess.com"]
[Source "ChessBase"]
[SourceQuality "1"]
[TimeControl "40/5400+30:900+30"]

1. e4 e6 2. d4 d5 3. Nc3 Bb4 4. e5 b6 5. h4 Qd7 6. Qg4 Bf8 7. b4 h5 8. Qg3 Nc6 9. Bb5 a6 10. Bxc6 Qxc6 11. a3 Ne7 12. Nge2 Bb7 13. Rh3 Nf5 14. Qd3 Qc4 15. Bg5 Qxd3 16. Rxd3 Be7 17. Bxe7 Kxe7 18. g3 Rhc8 19. Kd2 Bc6 20. a4 f6 21. exf6+ Kxf6 22. Nf4 Be8 23. Re1 Bf7 24. a5 bxa5 25. bxa5 c5 26. Na4 Nxd4 27. Nb6 g6 28. Nxa8 Rxa8 29. Rb1 Nb5 30. Rf3 Kg7 31. Nd3 c4 32. Nc5 e5 33. Re3 e4 34. Nxa6 d4 35. Ree1 c3+ 36. Kc1 Na3 37. Ra1 d3 38. Rxe4 Nxc2 39. Raa4 Bb3 40. Nc5 d2+ 0-1

[Event "Romanian Championship Open 2025"]
[Site "Craiova"]
[Date "2025.02.18"]
[Round "4.1"]
[White "Craciun, Sasha-Matei"]
[Black "Nisipeanu, Liviu-Dieter"]
[Result "1/2-1/2"]
[Annotator "ChessBase"]
[ECO "B81"]
[WhiteElo "2257"]
[BlackElo "2596"]
[PlyCount "48"]
[EventDate "2025.02.12"]
[EventType "swiss"]
[EventCountry "ROU"]
[SourceTitle "playchess.com"]
[Source "ChessBase"]
[SourceQuality "1"]
[TimeControl "40/5400+30:900+30"]

1. e4 c5 2. Nf3 d6 3. d4 Nf6 4. Nc3 cxd4 5. Nxd4 e6 6. g4 h6 7. Rg1 Nc6 8. Be3 Be7 9. Qe2 Nxd4 10. Bxd4 e5 11. Be3 Be6 12. O-O-O Rc8 13. Qb5+ Kf8 14. f3 b6 15. Nd5 Nxd5 16. exd5 Bd7 17. Qb4 Qc7 18. Bd3 Bg5 19. Qd2 Qc5 20. Bxg5 hxg5 21. Qxg5 Rxh2 22. Rh1 Qf2 23. Rxh2 Qxh2 24. Qd2 Qxd2+ 1/2-1/2

[Event "Romanian Championship Open 2025"]
[Site "Craiova"]
[Date "2025.02.18"]
[Round "4.2"]
[White "Lupulescu, Constantin"]
[Black "Cnejev, Vladimir-Alexandru"]
[Result "1/2-1/2"]
[Annotator "ChessBase"]
[ECO "D37"]
[WhiteElo "2603"]
[BlackElo "2300"]
[PlyCount "105"]
[EventDate "2025.02.12"]
[EventType "swiss"]
[EventCountry "ROU"]
[SourceTitle "playchess.com"]
[Source "ChessBase"]
[SourceQuality "1"]
[TimeControl "40/5400+30:900+30"]

1. d4 d5 2. c4 e6 3. Nc3 Be7 4. Nf3 Nf6 5. Bf4 O-O 6. e3 c5 7. dxc5 Bxc5 8. Qc2 Nc6 9. Rd1 Re8 10. cxd5 exd5 11. Be2 Be6 12. O-O Rc8 13. a3 h6 14. h3 Qe7 15. Na4 Bd6 16. Bxd6 Qxd6 17. Qb1 Ne5 18. Nc3 Nc4 19. Bxc4 Rxc4 20. Rd4 Rxd4 21. Nxd4 Qe5 22. Qd3 a6 23. Nde2 Rc8 24. Qd4 Qxd4 25. Nxd4 Kf8 26. Rd1 Ke7 27. Nde2 Rc5 28. f3 a5 29. Kf2 g6 30. g4 Nd7 31. Rd4 Nb6 32. b3 Na8 33. Ke1 Nc7 34. Kd2 Rc6 35. Nf4 Rd6 36. Nd3 Rd8 37. b4 Ra8 38. a4 b6 39. Nf4 Rd8 40. Nfe2 Rh8 41. Ke1 h5 42. Nf4 hxg4 43. hxg4 Rh1+ 44. Kf2 Ra1 45. bxa5 bxa5 46. Rd2 Ra3 47. Ncxd5+ Bxd5 48. Nxd5+ Nxd5 49. Rxd5 Rxa4 50. e4 Ra1 51. Kg3 a4 52. Ra5 a3 53. g5 1/2-1/2

[Event "Romanian Championship Open 2025"]
[Site "Craiova"]
[Date "2025.02.18"]
[Round "4.3"]
[White "Gavrilescu, David"]
[Black "Cosma, Ioan"]
[Result "1-0"]
[Annotator "ChessBase"]
[ECO "B31"]
[WhiteElo "2543"]
[BlackElo "2286"]
[PlyCount "77"]
[EventDate "2025.02.12"]
[EventType "swiss"]
[EventCountry "ROU"]
[SourceTitle "playchess.com"]
[Source "ChessBase"]
[SourceQuality "1"]
[TimeControl "40/5400+30:900+30"]

1. e4 c5 2. Nf3 Nc6 3. Bb5 g6 4. O-O Bg7 5. c3 Nf6 6. Re1 O-O 7. d4 d5 8. e5 Ne4 9. Be3 cxd4 10. cxd4 Bd7 11. Bd3 Nb4 12. Bf1 Rc8 13. Nc3 e6 14. Qb3 Qb6 15. Rec1 Bc6 16. Ne1 f5 17. exf6 Nxf6 18. a3 Na6 19. Qxb6 axb6 20. h3 Nc7 21. Nf3 Nfe8 22. Ne5 Nd6 23. Ne2 Bb5 24. a4 Bxe2 25. Bxe2 Bxe5 26. dxe5 Nc4 27. Bh6 Nxe5 28. Bxf8 Kxf8 29. Bb5 Ke7 30. Rc2 Kd6 31. Rac1 g5 32. b4 Ng6 33. Be2 Ne7 34. b5 Nf5 35. Bg4 Nd4 36. Rc3 h5 37. Bxh5 Rh8 38. Bd1 Rh7 39. Rg3 1-0

[Event "Romanian Championship Open 2025"]
[Site "Craiova"]
[Date "2025.02.18"]
[Round "4.4"]
[White "David, Alexandru-Vasile"]
[Black "Parligras, Mircea-Emilian"]
[Result "1-0"]
[Annotator "ChessBase"]
[ECO "D35"]
[WhiteElo "2331"]
[BlackElo "2528"]
[PlyCount "89"]
[EventDate "2025.02.12"]
[EventType "swiss"]
[EventCountry "ROU"]
[SourceTitle "playchess.com"]
[Source "ChessBase"]
[SourceQuality "1"]
[TimeControl "40/5400+30:900+30"]

1. d4 Nf6 2. c4 e6 3. Nf3 d5 4. e3 Be7 5. cxd5 exd5 6. Nc3 O-O 7. Bd3 Bg4 8. Qb3 Bxf3 9. gxf3 c5 10. Qxb7 Nbd7 11. O-O cxd4 12. exd4 Rb8 13. Qxa7 Nh5 14. Bf5 Ndf6 15. Ne2 Bd6 16. Ng3 Nf4 17. Bxf4 Bxf4 18. b3 g6 19. Bh3 h5 20. Rfe1 Bd6 21. Rac1 Nh7 22. Bg2 Ra8 23. Qb7 Rxa2 24. f4 Bxf4 25. Ra1 Rxa1 26. Rxa1 Nf6 27. Nf1 h4 28. b4 Kg7 29. b5 Bb8 30. Re1 Qd6 31. h3 Qf4 32. Bxd5 Qxd4 33. Bg2 Ba7 34. Ne3 Rb8 35. Qa6 Qb4 36. Qxf6+ Kxf6 37. Nd5+ Kg5 38. Nxb4 Rxb5 39. Nd3 Rb3 40. Bf1 Ra3 41. Kg2 Ra2 42. Re4 f5 43. Re6 Bd4 44. Be2 Ra5 45. Ne1 1-0

[Event "Romanian Championship Open 2025"]
[Site "Craiova"]
[Date "2025.02.18"]
[Round "4.5"]
[White "Jianu, Vlad-Cristian"]
[Black "Dobre, Claudiu-Cristian"]
[Result "1/2-1/2"]
[Annotator "ChessBase"]
[ECO "D94"]
[WhiteElo "2467"]
[BlackElo "2279"]
[PlyCount "51"]
[EventDate "2025.02.12"]
[EventType "swiss"]
[EventCountry "ROU"]
[SourceTitle "playchess.com"]
[Source "ChessBase"]
[SourceQuality "1"]
[TimeControl "40/5400+30:900+30"]

1. d4 d5 2. c4 c6 3. Nc3 Nf6 4. e3 g6 5. Nf3 Bg7 6. Be2 O-O 7. O-O Bg4 8. cxd5 cxd5 9. Qb3 b6 10. Bd2 Ne4 11. Be1 Nc6 12. h3 Nxc3 13. Bxc3 Bc8 14. Rfc1 Qd6 15. Bb5 Bb7 16. Rc2 Rfc8 17. Rac1 e6 18. Bd2 Ne7 19. Bb4 Qd8 20. Qa3 Bf8 21. Ne5 a5 22. Bd6 Rxc2 23. Rxc2 Rc8 24. Rxc8 Nxc8 25. Bxf8 Qxf8 26. Qc3 1/2-1/2

[Event "Romanian Championship Open 2025"]
[Site "Craiova"]
[Date "2025.02.18"]
[Round "4.6"]
[White "Magold, Filip"]
[Black "Nastase, Robert-Paul"]
[Result "1-0"]
[Annotator "ChessBase"]
[ECO "A04"]
[WhiteElo "2431"]
[BlackElo "2259"]
[PlyCount "97"]
[EventDate "2025.02.12"]
[EventType "swiss"]
[EventCountry "ROU"]
[SourceTitle "playchess.com"]
[Source "ChessBase"]
[SourceQuality "1"]
[TimeControl "40/5400+30:900+30"]

1. Nf3 f5 2. d3 d6 3. e4 e5 4. Nc3 Nf6 5. g3 c5 6. Bh3 Nc6 7. Bg5 h6 8. Bxf6 Qxf6 9. exf5 Bxf5 10. Nd5 Qf7 11. Bxf5 Qxd5 12. Bg6+ Kd8 13. c4 Qe6 14. Be4 g5 15. h3 Be7 16. a3 a5 17. Kf1 Kc7 18. Kg2 h5 19. h4 g4 20. Nd2 Nd4 21. Rb1 a4 22. b4 axb3 23. Nxb3 Nc6 24. Qc1 Ra7 25. Qb2 Kd7 26. Nd2 Bd8 27. Nf1 Rf8 28. Ne3 Rf3 29. Rhf1 Qf6 30. Nd5 Qf8 31. Ne3 Ke6 32. Bd5+ Kd7 33. Qb5 Ba5 34. Rb2 Qa8 35. Rfb1 Bc7 36. Be4 Ke6 37. Nd5 Bd8 38. Bg6 Rf5 39. Ne3 Rf8 40. Bxh5 Rg8 41. Nd5 b6 42. f3 gxf3+ 43. Bxf3 Rag7 44. Nxb6 Rxg3+ 45. Kh1 Bxb6 46. Bd5+ Ke7 47. Qxb6 Rh3+ 48. Rh2 Qc8 49. Qb7+ 1-0

[Event "Romanian Championship Open 2025"]
[Site "Craiova"]
[Date "2025.02.18"]
[Round "4.7"]
[White "Ilinca, Felix-Antonio"]
[Black "Danila, Tudor-Gabriel"]
[Result "1-0"]
[Annotator "ChessBase"]
[ECO "B12"]
[WhiteElo "2412"]
[BlackElo "2136"]
[PlyCount "89"]
[EventDate "2025.02.12"]
[EventType "swiss"]
[EventCountry "ROU"]
[SourceTitle "playchess.com"]
[Source "ChessBase"]
[SourceQuality "1"]
[TimeControl "40/5400+30:900+30"]

1. e4 c6 2. d4 d5 3. e5 c5 4. Nf3 cxd4 5. Nxd4 Nc6 6. Bb5 Bd7 7. Nxc6 bxc6 8. Bd3 e6 9. O-O Qc7 10. Re1 Rb8 11. Nd2 Ne7 12. Nf3 Ng6 13. h4 f6 14. Bxg6+ hxg6 15. Qd3 Kf7 16. Bf4 Rb4 17. Bg3 Qb6 18. b3 Rg4 19. Nh2 Rd4 20. Qf3 Be7 21. exf6 gxf6 22. Ng4 Kg7 23. c3 Rd2 24. Bf4 Rc2 25. Qd3 Rxh4 26. Be3 Qb8 27. Qxc2 Rxg4 28. Rad1 Bd6 29. Rd4 e5 30. Rxg4 Bxg4 31. f3 Bf5 32. Qf2 a6 33. g4 Bd7 34. g5 fxg5 35. Bxg5 Qh8 36. f4 Qh5 37. Bf6+ Kf7 38. fxe5 Qg4+ 39. Kf1 Bf5 40. Qa7+ Bd7 41. exd6 Qh3+ 42. Ke2 Kxf6 43. Qd4+ Ke6 44. Kd2+ Kxd6 45. Qf4+ 1-0

[Event "Romanian Championship Open 2025"]
[Site "Craiova"]
[Date "2025.02.18"]
[Round "4.8"]
[White "Filip, Lucian-Ioan"]
[Black "Bida, Mihai-Eugen"]
[Result "1/2-1/2"]
[Annotator "ChessBase"]
[ECO "D37"]
[WhiteElo "2328"]
[BlackElo "2413"]
[PlyCount "23"]
[EventDate "2025.02.12"]
[EventType "swiss"]
[EventCountry "ROU"]
[SourceTitle "playchess.com"]
[Source "ChessBase"]
[SourceQuality "1"]
[TimeControl "40/5400+30:900+30"]

1. d4 Nf6 2. c4 e6 3. Nf3 a6 4. Nc3 d5 5. c5 b6 6. cxb6 cxb6 7. Bf4 Bd6 8. Bxd6 Qxd6 9. e3 Nbd7 10. Bd3 Bb7 11. O-O O-O 12. Rc1 1/2-1/2

[Event "Romanian Championship Open 2025"]
[Site "Craiova"]
[Date "2025.02.18"]
[Round "4.9"]
[White "Sprincean, Lukas George"]
[Black "Ghimpu, Samuel-Timotei"]
[Result "1/2-1/2"]
[Annotator "ChessBase"]
[ECO "B67"]
[WhiteElo "2134"]
[BlackElo "2456"]
[PlyCount "50"]
[EventDate "2025.02.12"]
[EventType "swiss"]
[EventCountry "ROU"]
[SourceTitle "playchess.com"]
[Source "ChessBase"]
[SourceQuality "1"]
[TimeControl "40/5400+30:900+30"]

1. e4 c5 2. Nf3 Nc6 3. d4 cxd4 4. Nxd4 Nf6 5. Nc3 d6 6. Bg5 e6 7. Qd2 a6 8. O-O-O Bd7 9. Kb1 Be7 10. f3 Nxd4 11. Qxd4 Qc7 12. h4 h6 13. Be3 h5 14. Qd2 b5 15. Ne2 Rb8 16. Nd4 a5 17. Bd3 b4 18. Qe2 g6 19. Nb5 Qb7 20. e5 dxe5 21. Bg5 Nd5 22. Qxe5 f6 23. Nd6+ Bxd6 24. Qxd6 fxg5 25. Bxg6+ Kd8 1/2-1/2

[Event "Romanian Championship Open 2025"]
[Site "Craiova"]
[Date "2025.02.18"]
[Round "4.10"]
[White "Korcsek, Alexandru-David"]
[Black "Secheres, Adrian-Simion"]
[Result "1/2-1/2"]
[Annotator "ChessBase"]
[ECO "C55"]
[WhiteElo "2127"]
[BlackElo "2350"]
[PlyCount "62"]
[EventDate "2025.02.12"]
[EventType "swiss"]
[EventCountry "ROU"]
[SourceTitle "playchess.com"]
[Source "ChessBase"]
[SourceQuality "1"]
[TimeControl "40/5400+30:900+30"]

1. e4 e5 2. Bc4 Nf6 3. d3 Nc6 4. Nc3 Na5 5. Bb3 c6 6. Nf3 Nxb3 7. axb3 d6 8. h3 Be7 9. O-O O-O 10. Qe2 Nd7 11. Rd1 Re8 12. d4 Bf8 13. Be3 a6 14. Nd2 exd4 15. Bxd4 Qh4 16. Be3 Ne5 17. Nf3 Qf6 18. Nxe5 dxe5 19. Na4 Qg6 20. Qf3 Be6 21. Nc5 Bxc5 22. Bxc5 f5 23. exf5 Bxf5 24. Rd6 Re6 25. Rxe6 Bxe6 26. c4 e4 27. Qe3 Rd8 28. Re1 Bf5 29. Kh1 h5 30. Qf4 Rd3 31. Re3 Kh7 1/2-1/2

[Event "Romanian Championship Open 2025"]
[Site "Craiova"]
[Date "2025.02.18"]
[Round "4.11"]
[White "Sachilaru, Alexandru"]
[Black "Leu, Dragos Stefan"]
[Result "1-0"]
[Annotator "ChessBase"]
[ECO "B95"]
[WhiteElo "2305"]
[BlackElo "2180"]
[PlyCount "93"]
[EventDate "2025.02.12"]
[EventType "swiss"]
[EventCountry "ROU"]
[SourceTitle "playchess.com"]
[Source "ChessBase"]
[SourceQuality "1"]
[TimeControl "40/5400+30:900+30"]

1. e4 c5 2. Nf3 d6 3. d4 cxd4 4. Nxd4 Nf6 5. Nc3 a6 6. Bg5 e6 7. Qd2 Be7 8. O-O-O Qc7 9. f3 Nbd7 10. h4 b5 11. a3 Bb7 12. Ndxb5 axb5 13. Nxb5 Qb8 14. Nxd6+ Qxd6 15. Qxd6 Bxd6 16. Rxd6 Ke7 17. Rd2 Ba6 18. Bxa6 Rxa6 19. Rhd1 Ra7 20. Rxd7+ Rxd7 21. e5 Rc7 22. b3 Rc5 23. exf6+ gxf6 24. Be3 Re5 25. Bd4 Re2 26. Bc5+ Ke8 27. a4 Rg8 28. g4 f5 29. a5 fxg4 30. a6 f5 31. a7 Kf7 32. Rd7+ Kg6 33. Rb7 Rc8 34. Rc7 Ra8 35. fxg4 Re5 36. gxf5+ exf5 37. Bf2 f4 38. Rb7 Kf5 39. b4 Ke4 40. b5 Kf3 41. Rb8 Rxa7 42. Bxa7 Ke2 43. Bd4 Rd5 44. b6 Rb5 45. Re8+ Kf3 46. Re5 Rb4 47. c3 1-0

[Event "Romanian Championship Open 2025"]
[Site "Craiova"]
[Date "2025.02.18"]
[Round "4.12"]
[White "Serban, Cristian-Stefan"]
[Black "Ignat, Matei-Marius"]
[Result "1-0"]
[Annotator "ChessBase"]
[ECO "A30"]
[WhiteElo "2295"]
[BlackElo "2137"]
[PlyCount "131"]
[EventDate "2025.02.12"]
[EventType "swiss"]
[EventCountry "ROU"]
[SourceTitle "playchess.com"]
[Source "ChessBase"]
[SourceQuality "1"]
[TimeControl "40/5400+30:900+30"]

1. c4 Nf6 2. Nf3 e6 3. g3 c5 4. Bg2 Be7 5. Nc3 O-O 6. O-O a6 7. d4 cxd4 8. Nxd4 Qc7 9. Qd3 Nc6 10. Nxc6 dxc6 11. e4 e5 12. h3 Be6 13. Be3 Rad8 14. Qe2 Nd7 15. Rfd1 Qb8 16. Rac1 f6 17. Na4 b6 18. b3 Nc5 19. Nb2 a5 20. h4 Bc8 21. h5 Ne6 22. Bh3 Ba3 23. h6 g6 24. Rb1 Bxb2 25. Rxb2 Nc5 26. Bg2 Ne6 27. c5 bxc5 28. Rc1 Qb4 29. Qc4 Qxc4 30. Rxc4 Ba6 31. Rc1 c4 32. bxc4 Rb8 33. Rd2 Rfd8 34. Rxd8+ Rxd8 35. Bf1 c5 36. Rb1 Rd6 37. Rb8+ Kf7 38. Rh8 f5 39. Rxh7+ Kg8 40. Ra7 fxe4 41. h7+ Kh8 42. Bh6 Rb6 43. Re7 Nd4 44. Bg7+ Kxh7 45. Bxe5+ Kg8 46. Bxd4 cxd4 47. Rxe4 Rb4 48. Rxd4 Kf7 49. Rd7+ Ke6 50. Ra7 Bxc4 51. Bxc4+ Rxc4 52. Rxa5 Rc2 53. Kg2 Kf6 54. Kf3 Rb2 55. Ke3 g5 56. Kf3 Rc2 57. a4 Rc4 58. Ra6+ Kf5 59. g4+ Ke5 60. Kg3 Rc5 61. a5 Kd4 62. Rd6+ Ke5 63. Rg6 Ke4 64. f3+ Ke3 65. a6 Ra5 66. a7 1-0

[Event "Romanian Championship Open 2025"]
[Site "Craiova"]
[Date "2025.02.18"]
[Round "4.13"]
[White "Manea, Alexandru"]
[Black "Toma, Iustin"]
[Result "0-1"]
[Annotator "ChessBase"]
[ECO "A28"]
[WhiteElo "2272"]
[BlackElo "2118"]
[PlyCount "74"]
[EventDate "2025.02.12"]
[EventType "swiss"]
[EventCountry "ROU"]
[SourceTitle "playchess.com"]
[Source "ChessBase"]
[SourceQuality "1"]
[TimeControl "40/5400+30:900+30"]

1. e4 e5 2. Nf3 Nc6 3. c4 Nf6 4. Nc3 Bb4 5. d3 O-O 6. h3 d6 7. Be2 Ne7 8. O-O Ng6 9. a3 Bxc3 10. bxc3 b6 11. Re1 Nd7 12. d4 Bb7 13. Bd3 h6 14. Be3 Re8 15. Nd2 Qf6 16. Qg4 Rad8 17. Rab1 exd4 18. cxd4 c5 19. d5 Nde5 20. Qe2 Bc8 21. Bc2 Bd7 22. Qf1 Nf4 23. Bxf4 Qxf4 24. Re3 h5 25. g3 Qh6 26. f4 Ng6 27. Rf3 Re7 28. Rf2 f6 29. Kh2 Bc8 30. Rb3 Bd7 31. Rb1 Rde8 32. Qd3 f5 33. Qf3 fxe4 34. Nxe4 Bf5 35. Qg2 Bxe4 36. Bxe4 Rxe4 37. h4 Nf8 0-1

[Event "Romanian Championship Open 2025"]
[Site "Craiova"]
[Date "2025.02.18"]
[Round "4.14"]
[White "Sava, Robert-Gabriel"]
[Black "Botea, David-Alexandru"]
[Result "1-0"]
[Annotator "ChessBase"]
[ECO "D11"]
[WhiteElo "2183"]
[BlackElo "2127"]
[PlyCount "77"]
[EventDate "2025.02.12"]
[EventType "swiss"]
[EventCountry "ROU"]
[SourceTitle "playchess.com"]
[Source "ChessBase"]
[SourceQuality "1"]
[TimeControl "40/5400+30:900+30"]

1. d4 d5 2. c4 c6 3. Nf3 Nf6 4. g3 Bf5 5. Bg2 h6 6. O-O e6 7. b3 Be7 8. Bb2 Nbd7 9. Nbd2 O-O 10. e3 Ne4 11. Nxe4 Bxe4 12. Nd2 Bxg2 13. Kxg2 a5 14. a3 a4 15. b4 dxc4 16. Nxc4 Nb6 17. Nd2 Qd5+ 18. e4 Qb5 19. Qc2 Rfd8 20. Rac1 Bf6 21. Nf3 Rd7 22. h4 h5 23. Rg1 Rad8 24. Kh3 g6 25. Ba1 Bg7 26. Rgd1 Qa6 27. Kg2 Nc8 28. Ne5 Bxe5 29. dxe5 Rd3 30. b5 Qxb5 31. Rb1 Qa6 32. Rxd3 Rxd3 33. Rd1 Rxd1 34. Qxd1 Kg7 35. Qd8 Nb6 36. Bd4 Nc4 37. Bc5 Nxe5 38. Bf8+ Kh7 39. Qf6 1-0